 Dungeon Crawl Stone Soup version 0.17.1-2-g5865329 (webtiles) character file.

272888 Peloso the Hoplite (level 19, -8/179 HPs)
             Began as a Minotaur Fighter on Jan 24, 2016.
             Was the Champion of Okawaru.
             Killed from afar by a merfolk aquamancer (11 damage)
             ... with a great wave of water
             ... on level 4 of the Shoals.
             The game lasted 04:31:54 (40863 turns).

Peloso the Hoplite (Minotaur Fighter)              Turns: 40863, Time: 04:31:54

Health: -8/179     AC: 35    Str: 28    XL:     19   Next: 87%
Magic:  0/21       EV: 13    Int:  5    God:    Okawaru [******]
Gold:   4365       SH: 26    Dex: 16    Spells: 0 memorised, 18 levels left

rFire  + . .     SeeInvis .     q - +6 double sword of Division {freeze, rElec Str+2 Dex+3}
rCold  + . .     Clarity  .     g - +3 plate armour {MR+}
rNeg   . . .     SustAt   .     v - +0 large shield {AC+3}
rPois  +         Gourm    .     b - +2 hat {rC+}
rElec  +         Spirit   +     Y - +1 cloak {rPois}
rCorr  .         Warding  .     S - +2 pair of gloves {archery}
rMut   .         Stasis   .     (no boots)
MR     ++...                    Q - amulet of guardian spirit
Stlth  ..........               V - ring of protection from fire
                                c - +4 ring of protection

@: mesmerised, very slightly contaminated, hasted, very quick, very resistant to
hostile enchantments, extremely unstealthy
A: retaliatory headbutt, horns 2, spit poison 1
a: Spit Poison, Heroism, Finesse, Renounce Religion
}: 1/15 runes: serpentine


You were on level 4 of the Shoals.
You worshipped Okawaru.
Okawaru was exalted by your worship.
You were not hungry.

You visited 7 branches of the dungeon, and saw 39 of its levels.
You also visited: Ice Cave.

You collected 4414 gold pieces.
You spent 49 gold pieces at shops.

Inventory:

Hand Weapons
 j - a +2 scimitar of flaming
 q - the +6 double sword of Division (weapon) {freeze, rElec Str+2 Dex+3}
   (Okawaru gifted it to you on level 1 of the Snake Pit)

   It has been specially enchanted to freeze those struck by it, causing extra
   injury to most foes and up to half again as much damage against particularly
   susceptible opponents.
   It can also slow down cold-blooded creatures.
   It affects your strength (+2).
   It affects your dexterity (+3).
   It insulates you from electricity.
 L - the +10 sword of Jihad {holy, *Rage rN+ EV+3 Stlth-}
   (Okawaru gifted it to you on level 3 of the Elven Halls)

   It has been blessed by the Shining One to cause great damage to the undead
   and demons.
   It affects your evasion (+3).
   It protects you from negative energy.
   It may make you go berserk in combat.
   It makes you less stealthy.
 W - the +6 scimitar of Fortitude {freeze, Int+4}
   (Okawaru gifted it to you on level 15 of the Dungeon)

   It has been specially enchanted to freeze those struck by it, causing extra
   injury to most foes and up to half again as much damage against particularly
   susceptible opponents.
   It can also slow down cold-blooded creatures.
   It affects your intelligence (+4).
Armour
 b - a +2 hat of cold resistance (worn)
 g - a +3 plate armour of magic resistance (worn)
 v - a +0 large shield of protection (worn)
 z - a +2 cloak of magic resistance
 S - a +2 pair of gloves of archery (worn)
 Y - a +1 cloak of poison resistance (worn)
Jewellery
 c - a +4 ring of protection (left hand)
 t - an uncursed ring of protection from cold
 I - an uncursed ring of protection from magic
 Q - an amulet of guardian spirit (around neck)
 U - an uncursed ring of see invisible
 V - a ring of protection from fire (right hand)
Wands
 l - a wand of disintegration (15)
 A - a wand of teleportation (3)
 K - a wand of fireball (8)
 M - a wand of disintegration (21)
 N - a wand of magic darts (27)
 O - a wand of lightning (7)
 P - a wand of draining (6)
Scrolls
 h - a scroll of brand weapon
 k - 6 scrolls of enchant armour
 m - 16 scrolls of remove curse
 n - 5 scrolls of fear
 r - 11 scrolls of teleportation
 s - 8 scrolls of amnesia
 w - a scroll of recharging
 y - 2 scrolls of identify
 B - 2 scrolls of blinking
 E - 3 scrolls of magic mapping
 X - 4 scrolls of enchant weapon
Potions
 a - 2 potions of might
 d - 3 potions of flight
 i - a potion of invisibility
 o - 4 potions of cancellation
 u - 4 potions of agility
 x - 2 potions of resistance
 C - 4 potions of berserk rage
 F - 7 potions of curing
 G - 5 potions of haste
Comestibles
 e - 16 bread rations
 f - 16 meat rations
 p - 7 slices of pizza
 D - 21 fruits
 H - 10 chunks of flesh
 R - 6 beef jerkies


   Skills:
 + Level 18.0 Fighting
 + Level 21.8 Long Blades
 + Level 16.0 Armour
 + Level 9.4 Dodging
 + Level 1.5 Stealth
 + Level 23.2 Shields
 + Level 4.2 Invocations
 + Level 0.3 Evocations


You had 18 spell levels left.
You didn't know any spells.

Dungeon Overview and Level Annotations

Branches:
Dungeon (15/15)            Temple (1/1) D:6            Lair (8/8) D:8
 Shoals (4/4) Lair:6        Snake (4/4) Lair:6        Slime (0/6) Lair:8
    Orc (4/4) D:9             Elf (3/3) Orc:3        Vaults (0/5) D:13
 Depths (0/5) D:15

Altars:
Ashenzari
Cheibriados
Dithmenos
Elyvilon
Fedhas
Gozag
Kikubaaqudgha
Makhleb
Nemelex Xobeh
Okawaru
Qazlal
Ru
Sif Muna
Trog
Vehumet
Xom
Yredelemnul
Zin
The Shining One
Beogh
Jiyva

Shops:
D:6 }   D:7 *   D:15 *   Orc:3 ?   Orc:4 *}[!%   Elf:3 (   Snake:1 }

Portals:
Trove: Elf:3 (give +5 fire dragon armour)

Annotations:
Shoals:4 Ilsuiw


Innate Abilities, Weirdness & Mutations

You reflexively headbutt those who attack you in melee.
You have a pair of horns on your head.
You can spit weak poison.


Message History

You block the merfolk's attack.
You block the merfolk aquamancer's attack.
The water nymph points at you and mumbles some strange words.
The water swirls and strikes you!
* * * LOW HITPOINT WARNING * * *
The merfolk impaler closely misses you.
The siren chants its luring song.
You block its attack.
You block the merfolk aquamancer's attack.
The water nymph touches you. The water nymph drowns you!
* * * LOW HITPOINT WARNING * * *
The merfolk impaler barely misses you.
You block the merfolk aquamancer's attack.
The merfolk hits you but does no damage.
The merfolk closely misses you.
The siren chants its luring song.
Something hits you but does no damage. The merfolk impaler misses you.
The merfolk aquamancer gestures at you while chanting.
The great wave of water hits you!
You die...

≈≈≈ ≈ ≈. ...$≈≈ ≈§≈≈#
#≈≈≈ ...≈≈≈ ≈≈≈m#≈ ≈#≈
..≈≈≈≈ ≈≈≈≈≈≈# .≈#
##.≈≈≈≈≈≈ ....m#.#..
##.≈≈≈≈≈≈≈≈ ...≈≈.#mm
##...≈≈≈≈≈≈≈≈≈
......mm####...≈≈≈≈≈≈≈≈≈≈
......EE@{......≈≈≈≈≈≈≈≈≈
.....mEmm.......≈≈≈≈≈≈≈≈≈
......mm≈........≈≈≈≈≈≈≈≈
≈≈≈≈≈m............≈≈≈≈≈≈≈
≈≈≈m≈..............≈≈≈≈≈≈
≈≈≈≈......[..........≈≈≈≈
≈....................≈≈≈P
≈....#.#.###.........≈≈≈≈
.....##### #...(....##≈##


You could see 2 merfolk impalers, 2 merfolk aquamancers, 2 merfolk, 3 water
nymphs, 3 water elementals and 2 sirens.

Vanquished Creatures
  Rupert (Snake:1)
  4 deep elf blademasters
  A deep elf master archer (Elf:3)
  Gastronok (Lair:2)
  A kraken (Shoals:1)
  Agnes (D:14)
  6 greater nagas (Snake:4)
  A frost giant (D:15)
  Donald (Shoals:3)
  Maud (Orc:3)
  7 deep elf sorcerers (Elf:3)
  7 deep elf demonologists (Elf:3)
  Nessos (D:15)
  13 deep elf annihilators (Elf:3)
  A dire elephant (Lair:8)
  The ghost of Starbucks the Severer, a journeyman MiFi of Trog (Orc:4)
  Snorg (Lair:4)
  3 merfolk javelineers
  Erolcha (D:13)
  4 merfolk impalers
  Josephine (Orc:3)
  7 deep elf death magi (Elf:3)
  6 ogre magi
  5 deep elf high priests
  Fannar (Orc:2)
  2 hydras (Lair:3)
  Harold (D:11)
  12 naga warriors
  3 merfolk aquamancers (Shoals:1)
  3 merfolk avatars
  Erica (D:8)
  2 catoblepae
  6 centaur warriors
  16 dancing weapons (Elf:2)
  24 anacondas
  A deep troll shaman (Lair:8)
  A tengu warrior (D:11)
  A satyr (Shoals:3)
  14 death yaks
  10 naga sharpshooters
  13 shock serpents
  Urug (Orc:2)
  A small abomination (Elf:3)
  The ghost of subsebi the Basher, a novice DsCK of Xom (D:7)
  An ice devil (IceCv)
  5 salamander mystics
  19 deep elf knights
  5 sea snakes
  6 naga ritualists
  7 hill giants
  9 deep elf summoners
  An orange crystal statue (D:14)
  Pikel (D:7)
  4 lindwurms (Snake:4)
  4 orc knights
  4 unseen horrors
  12 deep elf conjurers
  2 cyclopes
  9 griffons
  8 fauns
  6 water nymphs
  11 mana vipers
  An ugly thing (D:13)
  43 black mambas
  2 orc sorcerers
  3 centaur zombies
  6 guardian serpents (Snake:4)
  4 sirens
  8 salamanders
  Maurice (Orc:2)
  7 manticores
  Joseph (D:7)
  27 elephants
  A torpor snail (Lair:4)
  2 ice statues (IceCv)
  A gargoyle (D:14)
  17 naga magi
  13 komodo dragons
  12 spiny frogs
  5 yaktaurs
  2 freezing wraiths
  2 tengu conjurers
  A harpy zombie (D:15)
  2 kobold demonologists
  10 blue devils (IceCv)
  22 merfolk
  A wind drake (Shoals:2)
  8 trolls
  2 polar bears
  Grinder (D:3)
  11 deep elf priests
  A trapdoor spider zombie (D:12)
  20 two-headed ogres
  A harpy skeleton (D:14)
  2 fire drakes
  25 blink frogs
  4 water elementals
  11 snapping turtles
  5 wraiths
  A tarantella (shapeshifter) (Elf:3)
  5 wyverns
  A human (D:10)
  3 fire bats (Lair:6)
  22 deep elf fighters
  2 hungry ghosts
  63 yaks
  25 deep elf magi
  6 basilisks
  12 hippogriffs
  A vampire mosquito (D:15)
  2 wargs (Orc:2)
  Edmund (D:5)
  36 wolves
  32 nagas
  15 porcupines
  4 mottled dragons
  18 water moccasins
  32 orc warriors
  5 sky beasts
  3 ice beasts
  An eye of draining (D:15)
  4 phantoms
  4 black bears
  An eye of draining (shapeshifter) (Elf:1)
  42 ogres
  2 necrophages
  20 centaurs
  22 crocodiles
  6 big kobolds
  23 giant frogs
  A gnoll sergeant (D:8)
  A wyvern zombie (D:9)
  A wyvern skeleton (D:11)
  4 scorpions
  16 wights
  11 killer bees
  8 electric eels
  5 crimson imps
  A wasp zombie (D:7)
  2 jellies
  25 orc priests
  A quasit (D:10)
  6 giant frog skeletons
  2 giant frog zombies
  5 centaur skeletons
  10 hounds
  10 worker ants
  18 iguanas
  29 orc wizards
  11 sheep
  A hound zombie (D:4)
  3 hound skeletons
  20 adders
  110 river rats
  7 gnolls
  6 shadow imps
  7 white imps (IceCv)
  8 ufetubi (IceCv)
  An ooze (D:3)
  4 worms
  An adder skeleton (D:4)
  5 giant geckos
  186 orcs
  4 ball pythons
  2 giant cockroaches
  7 hobgoblins
  23 kobolds
  6 quokkas
  13 bats
  A giant gecko skeleton (D:6)
  7 giant newts
  7 goblins
  7 jackals
  A quokka zombie (D:5)
  8 rats
  2 crawling corpses
  A fire vortex (Lair:6)
  A plant (Lair:8)
  A tentacle (Shoals:1)
1620 creatures vanquished.

Vanquished Creatures (others)
  A deep elf high priest (Elf:1)
  A merfolk (Shoals:1)
  A crimson imp (D:7)
  2 orc wizards
  5 sheep (D:11)
  A gnoll (D:8)
  2 ufetubi (IceCv)
  3 jackals (D:7)
  8 fungi
  14 plants
  6 tentacles (Shoals:1)
  218 tentacle segments (Shoals:1)
262 creatures vanquished.

Grand Total: 1882 creatures vanquished

Notes
Turn   | Place    | Note
--------------------------------------------------------------
     0 | D:1      | Peloso the Minotaur Fighter began the quest for the Orb.
     0 | D:1      | Reached XP level 1. HP: 19/19 MP: 0/0
   157 | D:1      | Reached XP level 2. HP: 24/27 MP: 1/1
   340 | D:1      | Reached skill level 4 in Armour
   735 | D:2      | Reached XP level 3. HP: 26/33 MP: 2/2
  1012 | D:2      | Reached XP level 4. HP: 27/40 MP: 3/3
  1371 | D:2      | Reached skill level 1 in Dodging
  1952 | D:3      | Reached XP level 5. HP: 32/47 MP: 4/4
  2045 | D:3      | Noticed Grinder
  2070 | D:3      | Paralysed by Grinder for 3 turns
  2080 | D:3      | Killed Grinder
  2080 | D:3      | Reached skill level 5 in Armour
  2080 | D:3      | Reached skill level 5 in Shields
  2080 | D:3      | Reached XP level 6. HP: 29/55 MP: 5/5
  2498 | D:4      | Reached skill level 5 in Fighting
  2598 | D:4      | Reached XP level 7. HP: 61/61 MP: 6/6
  2678 | D:4      | HP: 1/61 [ogre/giant spiked club (17)]
  2783 | D:3      | Reached skill level 6 in Armour
  2851 | D:5      | Entered Level 5 of the Dungeon
  2951 | D:5      | Noticed Edmund
  2969 | D:5      | Killed Edmund
  2969 | D:5      | Reached skill level 5 in Long Blades
  3377 | D:5      | Reached XP level 8. HP: 67/70 MP: 7/7
  3756 | D:6      | Found Roclo's Gadget Shoppe.
  4184 | D:6      | Reached skill level 7 in Armour
  4533 | D:6      | Found a staircase to the Ecumenical Temple.
  4710 | Temple   | Entered the Ecumenical Temple
  4794 | Temple   | Became a worshipper of Warmaster Okawaru
  4880 | D:7      | Found a deep blue altar of Sif Muna.
  4897 | D:7      | Noticed subsebi's ghost (novice DsCK)
  5105 | D:6      | Reached skill level 5 in Dodging
  5454 | D:7      | Reached * piety under Okawaru
  5454 | D:7      | Reached XP level 9. HP: 75/78 MP: 8/8
  5455 | D:7      | Reached skill level 8 in Armour
  5597 | D:7      | Noticed Joseph
  5611 | D:7      | Killed Joseph
  5611 | D:7      | Reached ** piety under Okawaru
  5894 | D:7      | Found Yqoacw's General Store.
  5901 | D:7      | Bought a scroll of magic mapping for 49 gold pieces
  6017 | D:7      | Noticed Pikel
  6020 | D:7      | Got a bloodstained plate armour
  6045 | D:7      | Killed Pikel
  6045 | D:7      | Reached skill level 9 in Armour
  6045 | D:7      | Reached skill level 1 in Stealth
  6109 | D:7      | Identified the cursed +0 plate armour of the Gate {*Corrode Int-5 Dex+6 Slay+2} (You found it on level 7 of the Dungeon)
  6109 | D:7      | Lost intelligence.
  6244 | D:7      | Killed subsebi's ghost
  6244 | D:7      | Reached *** piety under Okawaru
  6305 | D:7      | Reached XP level 10. HP: 47/88 MP: 9/9
  6767 | D:8      | Found a staircase to the Lair.
  6773 | D:8      | Noticed Erica
  6819 | D:8      | Killed Erica
  6819 | D:8      | Reached **** piety under Okawaru
  6819 | D:8      | Reached skill level 10 in Shields
  6849 | D:8      | Reached skill level 10 in Armour
  7074 | Lair:1   | Entered Level 1 of the Lair of Beasts
  7134 | Lair:1   | Reached ***** piety under Okawaru
  7305 | Lair:1   | Reached XP level 11. HP: 94/97 MP: 10/10
  7435 | Lair:1   | Noticed a black mamba
  7445 | Lair:1   | Killed a black mamba
  7445 | Lair:1   | Reached skill level 11 in Shields
  7457 | Lair:1   | Found a frozen archway.
  7466 | IceCv    | Entered an ice cave
  7722 | IceCv    | Reached skill level 10 in Long Blades
  7854 | IceCv    | Reached ****** piety under Okawaru
  7908 | IceCv    | Noticed an ice devil
  7937 | IceCv    | Killed an ice devil
  7937 | IceCv    | Reached skill level 10 in Fighting
  8166 | Lair:1   | Reached skill level 1 in Invocations
  8201 | Lair:1   | Reached skill level 12 in Shields
  8350 | Lair:1   | Found a burning altar of Makhleb.
  8540 | Lair:1   | Received a gift from Okawaru
  9189 | Lair:2   | Reached XP level 12. HP: 87/107 MP: 11/11
  9248 | Lair:2   | Noticed Gastronok
  9267 | Lair:2   | Killed Gastronok
  9267 | Lair:2   | Received a gift from Okawaru
  9725 | Lair:2   | Received a gift from Okawaru
  9871 | Lair:3   | Reached skill level 13 in Shields
  9889 | Lair:3   | Noticed a seven-headed hydra
  9902 | Lair:3   | Killed an 11-headed hydra
 10370 | Lair:3   | Noticed a seven-headed hydra
 10382 | Lair:3   | Killed a two-headed hydra
 10609 | Lair:3   | Noticed a catoblepas
 10631 | Lair:3   | Killed a catoblepas
 10631 | Lair:3   | Received a gift from Okawaru
 11325 | Lair:4   | Reached XP level 13. HP: 96/117 MP: 12/12
 11703 | Lair:4   | Noticed Snorg
 11718 | Lair:4   | Reached skill level 14 in Shields
 11753 | Lair:4   | Received a gift from Okawaru
 12060 | Lair:4   | Killed Snorg
 13338 | Lair:5   | Reached skill level 15 in Shields
 14151 | Lair:6   | Reached XP level 14. HP: 127/127 MP: 13/13
 14498 | Lair:6   | Found a staircase to the Shoals.
 14651 | Lair:6   | Found a staircase to the Snake Pit.
 15798 | Lair:8   | Entered Level 8 of the Lair of Beasts
 15922 | Lair:8   | Received a gift from Okawaru
 16011 | Lair:8   | Reached skill level 16 in Shields
 16219 | Lair:8   | Found a staircase to the Slime Pits.
 16219 | Lair:8   | Found a viscous altar of Jiyva.
 16291 | Lair:8   | Reached skill level 15 in Long Blades
 16816 | Lair:8   | Received a gift from Okawaru
 17652 | D:8      | Found a bloodstained altar of Trog.
 18376 | D:9      | Found a staircase to the Orcish Mines.
 18377 | D:9      | Found a roughly hewn altar of Beogh.
 18425 | D:9      | Reached skill level 17 in Shields
 18770 | Orc:1    | Entered Level 1 of the Orcish Mines
 19183 | Orc:2    | Noticed Fannar
 19204 | Orc:2    | Killed Fannar
 19253 | Orc:2    | Reached XP level 15. HP: 136/136 MP: 15/15
 19260 | Orc:2    | Noticed Urug
 19279 | Orc:2    | Killed Urug
 19346 | Orc:2    | Noticed Maurice
 19365 | Orc:2    | Killed Maurice
 19682 | Orc:2    | You fall through a shaft for 2 floors!
 19682 | Orc:4    | Entered Level 4 of the Orcish Mines
 19682 | Orc:4    | Found Ahalytsot's General Store.
 19682 | Orc:4    | Found Vikhlas's Armour Shop.
 19682 | Orc:4    | Found Zerigg's Gadget Shop.
 19682 | Orc:4    | Found Xoes Gull's Distillery.
 19722 | Orc:4    | Noticed Starbucks's ghost (journeyman MiFi)
 19738 | Orc:4    | Killed Starbucks's ghost
 20079 | Orc:4    | Found Ziavi Lyku's Food Boutique.
 20084 | Orc:3    | Found a staircase to the Elven Halls.
 20747 | Orc:3    | Received a gift from Okawaru
 20775 | Orc:3    | Noticed Josephine
 20788 | Orc:3    | Killed Josephine
 20880 | Orc:3    | Found Fiffoo's Magic Scroll Shop.
 21140 | Orc:2    | Noticed Maud
 21155 | Orc:3    | Killed Maud
 21610 | Elf:1    | Entered Level 1 of the Elven Halls
 21933 | Elf:1    | Received a gift from Okawaru
 21936 | Elf:1    | Got a pair of fine boots {god gift}
 21942 | Elf:1    | Identified the +2 pair of boots of Rationality {rElec rC+ Regen+ Slay-5} (Okawaru gifted it to you on level 1 of the Elven Halls)
 22128 | Elf:1    | Reached skill level 18 in Shields
 23342 | Elf:2    | Found a runed gate.
 23342 | Elf:2    | Found a runed gate.
 23343 | Elf:2    | Found a runed gate.
 23384 | Elf:2    | Reached XP level 16. HP: 135/147 MP: 16/16
 23613 | Elf:2    | Noticed a deep elf blademaster
 23658 | Elf:2    | Killed a deep elf blademaster
 23752 | Elf:2    | Received a gift from Okawaru
 23755 | Elf:2    | Got an encrusted demon blade {god gift}
 23764 | Elf:2    | Identified the +12 demon blade of Demonkind {vamp, Str+6} (Okawaru gifted it to you on level 2 of the Elven Halls)
 23925 | Elf:2    | Reached skill level 19 in Shields
 24196 | Elf:3    | Entered Level 3 of the Elven Halls
 24207 | Elf:3    | Found Muats's Antique Weapon Shoppe.
 24251 | Elf:3    | Found a portal to a secret trove of treasure.
 24813 | Elf:3    | Noticed a Hell Sentinel
 24858 | Elf:3    | Received a gift from Okawaru
 24858 | Elf:3    | Reached skill level 15 in Fighting
 24980 | Elf:3    | Received a gift from Okawaru
 24989 | Elf:3    | Noticed an Executioner
 24993 | Elf:3    | Noticed an Ice Fiend
 24994 | Elf:3    | Reached skill level 15 in Armour
 24996 | Elf:3    | Noticed a deep elf master archer
 24997 | Elf:3    | Noticed an Ice Fiend
 24999 | Elf:3    | Noticed an Ice Fiend
 25002 | Elf:3    | Noticed a Hell Sentinel
 25356 | Elf:3    | Noticed a deep elf blademaster
 25358 | Elf:3    | Noticed a deep elf blademaster
 25387 | Elf:3    | Killed a deep elf blademaster
 25404 | Elf:3    | Killed a deep elf blademaster
 25669 | Elf:3    | Noticed a Shadow Fiend
 25685 | Elf:3    | Killed a deep elf master archer
 25744 | Elf:3    | Received a gift from Okawaru
 25744 | Elf:3    | Reached XP level 17. HP: 142/156 MP: 16/18
 25890 | Elf:3    | Noticed a deep elf blademaster
 25897 | Elf:3    | Killed a deep elf blademaster
 25955 | Elf:3    | Reached skill level 20 in Shields
 26150 | Elf:3    | Identified the Tome of Combat Magic and Ice (You found it on level 3 of the Elven Halls)
 26215 | Elf:3    | Got a warped iron ring
 26218 | Elf:3    | Identified the ring "Caset" {MP+9 Dex+4} (You found it on level 3 of the Elven Halls)
 26809 | Lair:1   | Identified a scroll of acquirement
 26887 | D:10     | Entered Level 10 of the Dungeon
 27281 | D:10     | Received a gift from Okawaru
 27303 | D:10     | Found a shattered altar of Ashenzari.
 27643 | D:11     | Noticed Harold
 27655 | D:11     | Killed Harold
 28018 | D:11     | Found a shimmering altar of Xom.
 28713 | D:12     | Found an iron altar of Okawaru.
 29052 | D:13     | Noticed Erolcha
 29060 | D:13     | Killed Erolcha
 29909 | D:13     | Found a gate to the Vaults.
 30330 | D:14     | Noticed Agnes
 30338 | D:14     | Killed Agnes
 30606 | D:15     | Entered Level 15 of the Dungeon
 30718 | D:15     | Received a gift from Okawaru
 30721 | D:15     | Got a smoking scimitar {god gift}
 30744 | D:15     | Identified the +6 scimitar of Fortitude {freeze, Int+4} (Okawaru gifted it to you on level 15 of the Dungeon)
 30772 | D:15     | Found Vojer's General Store.
 30872 | D:15     | Noticed Nessos
 30881 | D:15     | Killed Nessos
 30992 | D:15     | Found a staircase to the Depths.
 31234 | D:15     | Reached XP level 18. HP: 160/168 MP: 20/20
 31622 | D:15     | Reached skill level 21 in Shields
 32135 | Snake:1  | Entered Level 1 of the Snake Pit
 32411 | Snake:1  | Got an ancient troll leather armour
 32422 | Snake:1  | Identified the cursed +1 troll leather armour of the Realm of Zot {Regen+ Int+3} (You found it on level 1 of the Snake Pit)
 32594 | Snake:1  | Received a gift from Okawaru
 32597 | Snake:1  | Got an ancient double sword {god gift}
 32598 | Snake:1  | Identified the +6 double sword of Division {freeze, rElec Str+2 Dex+3} (Okawaru gifted it to you on level 1 of the Snake Pit)
 32632 | Snake:1  | Found Xagaggyc's Gadget Emporium.
 32724 | Snake:1  | Noticed Rupert
 32733 | Snake:1  | Killed Rupert
 33509 | Snake:2  | Got an iridescent hunting sling
 33530 | Snake:2  | Identified the +8 hunting sling of Lingit {flame, +Fly MR++ Dex-4 Stlth+} (You took it off a naga on level 2 of the Snake Pit)
 33889 | Snake:3  | Gained mutation: You can spit weak poison. [potion of beneficial mutation]
 34019 | Snake:3  | Received a gift from Okawaru
 34746 | Snake:4  | Entered Level 4 of the Snake Pit
 35626 | Snake:4  | Received a gift from Okawaru
 35701 | Snake:4  | Reached skill level 22 in Shields
 36175 | Snake:4  | Reached XP level 19. HP: 18/177 MP: 2/21
 36988 | Snake:4  | Received a gift from Okawaru
 37514 | Snake:4  | Got a serpentine rune of Zot
 37867 | Shoals:1 | Entered Level 1 of the Shoals
 39267 | Shoals:2 | Reached skill level 23 in Shields
 40277 | Shoals:3 | Noticed Donald
 40287 | Shoals:3 | Killed Donald
 40656 | Shoals:4 | Entered Level 4 of the Shoals
 40781 | Shoals:4 | Received a gift from Okawaru
 40834 | Shoals:4 | Noticed Ilsuiw
 40857 | Shoals:4 | HP: 5/179 [water nymph/the raging water (32)]
 40863 | Shoals:4 | HP: 3/179 [drowned by a water nymph (9)]
 40863 | Shoals:4 | Killed from afar by a merfolk aquamancer

Action                   |  1- 3 |  4- 6 |  7- 9 | 10-12 | 13-15 | 16-18 | 19-21 || total
-------------------------+-------+-------+-------+-------+-------+-------+-------++-------
Melee: Long sword        |    96 |   157 |   388 |    63 |       |       |       ||   704
       Scimitar          |       |       |       |   766 |  2030 |    98 |       ||  2894
       Demon blade       |       |       |       |       |       |   296 |       ||   296
       Eudemon blade     |       |       |       |       |       |   815 |       ||   815
       Double sword      |       |       |       |       |       |   495 |   676 ||  1171
Invok: Heroism           |       |       |     1 |     3 |     7 |     7 |     4 ||    22
       Finesse           |       |       |       |       |     1 |     3 |       ||     4
Evoke: Wand              |       |       |       |       |       |     4 |       ||     4
  Use: Scroll            |       |       |     5 |    16 |    12 |    11 |     2 ||    46
       Potion            |       |       |     1 |     1 |     1 |     7 |     8 ||    18
  Eat: Chunk             |       |     6 |    11 |    23 |    49 |    56 |    13 ||   158
       Beef jerky        |       |       |     2 |     1 |       |     1 |     3 ||     7
       Fruit             |       |       |     1 |     2 |     2 |       |       ||     5
       Royal jelly       |       |       |       |       |     1 |     1 |       ||     2
       Pizza             |       |       |       |       |       |     3 |       ||     3
